cohdb
Replays
Latest Replays
All Replays
Popular Replays
Top Player Replays
Match Explorer
How It Works
Community
CoH3 Stats
Reddit
Sign in to upload your games and track your stats! →
Sign in with Steam
Match 40853183
Unlisted
Match 40853183
Overview
Messages
Build Orders
End
Kettenkrad Recon Vehicle
Pioneer Squad
Construct Infanterie Kompanie
Selects Terror Battlegroup
Selects Machine Gun Camouflage
MG 42 Machine Gun Team
MG 42 Machine Gun Team
GrW 34 Mortar Team
Construct Luftwaffe Kompanie
Grenadier Squad
MG 42 Machine Gun Team
221 Scout Car
Support Elements
Medical Station
Grenadier Squad
Selects Contempt for the Weak
Flak 30 Anti-aircraft Gun Team
221 Scout Car
Selects Jericho Trumpet
MG 42 Machine Gun Team
Marder III M Tank Destroyer
Infanterie Officer Quarters
Grenadier Squad
Grenadier Squad
Construct Panzergrenadier Kompanie
Pioneer Squad
Selects Defend the Fatherland
Selects V1 Rocket Strike
V1 Rocket Strike
Voodoo408
김치워리어
Calm
incineration
DungeonMaster
晴天小怪兽
DeSack'O'Potatoes
Pain_Reliever
0
0
Comments
sign in to comment!
No comments posted yet!